 Dungeon Crawl Stone Soup version 0.28-b1-1-g3c77fb2ed1 (webtiles) character file.

Game seed: 14466107909276239124

3303 pkoi the Carver (level 9, 0/71 HPs)
             Began as a Minotaur Fighter on Jan 31, 2022.
             Was a Priest of Okawaru.
             Slain by a two-headed ogre (8 damage)
             ... on level 8 of the Dungeon.
             The game lasted 00:11:40 (9141 turns).

pkoi the Carver (Minotaur Fighter)                  Turns: 9141, Time: 00:11:40

Health: 0/71       AC: 14    Str: 32    XL:     9   Next: 70%
Magic:  8/8        EV:  9    Int:  5    God:    Okawaru [***...]
Gold:   168        SH: 12    Dex:  9    Spells: 8/8 levels left

rFire   . . .      SeeInvis .   c - +3 dagger (venom)
rCold   . . .      Faith    .   f - +2 kite shield {rPois}
rNeg    . . .      Spirit   .   b - +0 scale mail
rPois   +          Reflect  .   g - +1 hat
rElec   .          Harm     .   (no cloak)
rCorr   .          Rampage  .   E - +0 pair of gloves
Will    .....                   h - +0 pair of boots
Stlth   ..........              (no amulet)
HPRegen 0.21/turn               o - +6 ring of strength
MPRegen 0.11/turn               C - +4 ring of protection

@: no status effects
A: horns 2, retaliatory headbutt
a: Renounce Religion, Heroism


You were on level 8 of the Dungeon.
You worshipped Okawaru.
Okawaru was most pleased with you.
You visited 2 branches of the dungeon, and saw 12 of its levels.
You also visited: Sewer and Gauntlet.

You collected 568 gold pieces.
You spent 400 gold pieces at shops.

Inventory:

Hand Weapons
 a - a +0 long sword of chaos
 c - a +3 dagger of venom (weapon)
 t - the +7 falchion of Internal Strife {vorpal, *Slow rF+ Int+4 SInv Stlth+}
   (You bought it in a shop on level 11 of the Dungeon)

   It inflicts extra damage upon your enemies.
   Int:       It affects your intelligence (+4).
   rF:        It protects you from fire.
   SInv:      It lets you see invisible.
   *Slow:     It may slow you when you take damage.
   Stlth:     It makes you more stealthy.
Missiles
 s - 7 curare-tipped darts (quivered)
 v - 11 poisoned darts
 B - 16 javelins
Armour
 b - a +0 scale mail (worn)
 f - a +2 kite shield of poison resistance (worn)
 g - a +1 hat (worn)
 h - a +0 pair of boots (worn)
 E - a +0 pair of gloves (worn)
Jewellery
 o - a +6 ring of strength (left hand)
 C - a +4 ring of protection (right hand)
Wands
 i - a wand of digging (4)
 x - a wand of flame (18)
Scrolls
 j - 2 scrolls of teleportation
 m - a scroll of silence
 n - a scroll of summoning
 p - 2 scrolls of identify
 r - a scroll of fog
 u - a scroll of amnesia
 y - 2 scrolls of enchant armour
 z - 3 scrolls of fear
Potions
 d - 2 potions of might
 e - 4 potions of curing
 k - a potion of flight
 l - 2 potions of heal wounds
 q - a potion of cancellation
 w - a potion of magic
 A - 3 potions of brilliance
 D - 2 potions of berserk rage {unknown}


   Skills:
 - Level 3.8 Fighting
 * Level 11.7 Long Blades
 + Level 4.2 Throwing
 - Level 3.8 Armour
 - Level 0.5 Dodging
 + Level 8.9 Shields
 + Level 4.6 Evocations


You had 8 spell levels left.
You didn't know any spells.
Your spell library contained the following spells:

 Spells                   Type           Power      Damage    Failure   Level
 Pain                     Necr           0%         1d4       94%         1
 Ensorcelled Hibernation  Hex/Ice        0%         N/A       98%         2
 Sublimation of Blood     Necr           0%         N/A       98%         2
 Wereblood                Tmut           0%         N/A       98%         2
 Dazzling Flash           Conj/Hex       0%         N/A       100%        3
 Ignite Poison            Fire/Tmut/Pois 0%         N/A       100%        3
 Mephitic Cloud           Conj/Pois/Air  0%         N/A       100%        3
 Spider Form              Tmut/Pois      0%         N/A       100%        3
 Anguish                  Hex/Necr       0%         N/A       100%        4
 Iskenderun's Mystic Bla  Conj/Tloc      0%         2d3       100%        4
 Freezing Cloud           Conj/Ice/Air   0%         6-21      100%        5
 Starburst                Conj/Fire      0%         6d3       100%        6
 Summon Hydra             Summ           Unusable   N/A       N/A         7

Dungeon Overview and Level Annotations

Branches:
Dungeon (11/15)            Temple (1/1) D:5           Sewer (visited)
Gauntlet (visited)
   Lair: D:8-11         Orc: D:9-12

Altars:
Ashenzari
Cheibriados
Dithmenos
Fedhas
Hepliaklqana
Kikubaaqudgha
Makhleb
Nemelex Xobeh
Okawaru
Qazlal
Ru
Sif Muna
Trog
Uskayaw
Vehumet
Wu Jian
Xom
Yredelemnul
Zin
The Shining One

Shops:
D:4 !   D:5 (   D:8 *   D:11 (?


Innate Abilities, Weirdness & Mutations

You have a pair of horns on your head.
You reflexively headbutt those who attack you in melee.


Message History

There is an open door here.
A - 3 potions of brilliance (gained 2)
Found 20 stones.
You see here 20 stones.
A two-headed ogre comes into view. It is wielding two +0 giant clubs.
A two-headed ogre is nearby!
A two-headed ogre is nearby!
A two-headed ogre is nearby!
The two-headed ogre shouts in stereo!
A wight comes into view. It is wielding a +2 scimitar.
You completely miss the two-headed ogre.
You block the two-headed ogre's attack. The two-headed ogre barely misses you.
You barely miss the two-headed ogre. You hit the wight but do no damage.
You headbutt the wight.
The wight is moderately damaged.
The two-headed ogre hits you with a +0 giant club!
You block the two-headed ogre's attack. The wight closely misses you.
You barely miss the wight.
The wight is moderately damaged.
You block the wight's attack.
The two-headed ogre hits you with a +0 giant club! x2
You hit the wight but do no damage.
The wight is moderately damaged.
The wight hits you with a +2 scimitar.
You slash the wight! You headbutt the wight.
You destroy the wight!
Okawaru accepts your kill. Okawaru grants you ammunition!
Something appears at your feet!
The two-headed ogre hits you with a +0 giant club!!
* * * LOW HITPOINT WARNING * * *
The two-headed ogre hits you but does no damage.
Things that are here:
a +2 scimitar; a +0 robe Your +3 dagger of venom begins to drip with poison!
c - a +3 dagger of venom (weapon)
A wight comes into view.
It is wielding a +4 hand axe of freezing and wearing a +0 robe of willpower.
You block the two-headed ogre's attack.
The two-headed ogre hits you with a +0 giant club!
You die...

##...######### #.# #+#
#......# #.# #.# #(####.#
#.# ### #.# #.# #.# #.#
### ##.###.###.####.###.#
.. ##.#.................#
#.##(###.....#.####.#####
#.###.#)## ##...##.####.#
#......## ##@###......#
#####.#.## ##O## ########
#.##z###.## #. ##.#z## ..
##.## ## ###


You could see a two-headed ogre and a wight.

Vanquished Creatures
  A boulder beetle (D:7)
  A troll (D:7)
  A wraith (D:7)
  A steam dragon (D:8)
  A water moccasin (D:7)
  An orc warrior (D:7)
  3 black bears
  A sky beast (D:7)
  3 ogres
  3 centaurs
  2 kobold brigands (Sewer)
  A scorpion (D:5)
  5 killer bees (D:10)
  A howler monkey (D:8)
  A wight (D:8)
  A bullfrog zombie (D:6)
  2 hounds (D:6)
  3 jellies
  An orc priest (D:7)
  A centaur skeleton (D:7)
  Terence (D:3)
  An iguana (D:6)
  A killer bee zombie (D:7)
  13 adders
  3 river rats (Sewer)
  2 white imps
  An ufetubus (D:5)
  An adder skeleton (D:4)
  3 worms
  3 dart slugs
  15 orcs
  4 endoplasms
  3 giant cockroaches
  10 hobgoblins
  7 jackals
  5 kobolds
  7 quokkas
  10 ball pythons
  7 bats
  11 frilled lizards
  13 goblins
  11 rats
166 creatures vanquished.

Vanquished Creatures (others)
  A fungus (D:1)
  4 plants
  20 withered plants (Gauntlet)
25 creatures vanquished.

Grand Total: 191 creatures vanquished

Notes
Turn   | Place    | Note
-------+----------+-------------------------------------------
     0 | D:1      | pkoi the Minotaur Fighter began the quest for the Orb.
     0 | D:1      | Reached XP level 1. HP: 19/19 MP: 0/0
   200 | D:1      | Reached XP level 2. HP: 25/27 MP: 1/1
   248 | D:1      | Found a faded altar of an unknown god.
   252 | D:1      | Reached skill level 3 in Long Blades
   275 | D:1      | Got Plato's Guide on Sinister Arts
   870 | D:1      | Reached XP level 3. HP: 32/33 MP: 2/2
  1194 | D:2      | Reached skill level 4 in Long Blades
  1348 | D:2      | Reached XP level 4. HP: 34/40 MP: 3/3
  1872 | D:3      | Noticed Terence
  1886 | D:3      | Killed Terence
  1887 | D:3      | Reached skill level 5 in Long Blades
  2071 | D:3      | Found a glowing drain.
  2178 | D:3      | Reached XP level 5. HP: 44/46 MP: 4/4
  2196 | Sewer    | Entered a sewer
  2312 | Sewer    | Reached skill level 5 in Shields
  2500 | Sewer    | Reached skill level 6 in Long Blades
  2500 | Sewer    | Reached XP level 6. HP: 37/52 MP: 5/5
  3462 | D:4      | Reached skill level 7 in Long Blades
  3732 | D:4      | Reached XP level 7. HP: 37/58 MP: 6/6
  4006 | D:4      | Found Vugumoe's Distillery.
  4041 | D:4      | Bought a potion of degeneration for 11 gold pieces
  4041 | D:4      | Bought a potion of mutation for 88 gold pieces
  4187 | D:5      | Entered Level 5 of the Dungeon
  4595 | D:5      | Reached skill level 8 in Long Blades
  4595 | D:5      | Reached skill level 1 in Evocations
  4727 | D:5      | Found a staircase to the Ecumenical Temple.
  4755 | Temple   | Entered the Ecumenical Temple
  4818 | Temple   | Became a worshipper of Warmaster Okawaru
  4919 | D:5      | Found Zujato's Antique Weapon Boutique.
  5393 | D:6      | Reached * piety under Okawaru
  5394 | D:6      | Reached XP level 8. HP: 66/66 MP: 7/7
  5560 | D:6      | Reached skill level 9 in Long Blades
  5625 | D:6      | Found a burning altar of Makhleb.
  5781 | D:6      | Found a shimmering blue altar of Sif Muna.
  5788 | D:6      | Found a glowing golden altar of the Shining One.
  5790 | D:6      | Found a broken altar of Ashenzari.
  6011 | D:7      | Reached skill level 1 in Throwing
  6033 | D:7      | Reached ** piety under Okawaru
  6352 | D:7      | Reached skill level 10 in Long Blades
  6938 | D:7      | Noticed a troll
  6970 | D:7      | Killed a troll
  6971 | D:7      | Reached XP level 9. HP: 41/71 MP: 8/8
  7327 | D:7      | Noticed a boulder beetle
  7347 | D:7      | Killed a boulder beetle
  7347 | D:7      | Reached *** piety under Okawaru
  7348 | D:7      | Reached skill level 11 in Long Blades
  7961 | D:8      | You fall into a shaft and drop 3 floors!
  7962 | D:11     | Noticed a komodo dragon
  7963 | D:11     | Noticed a two-headed ogre
  7989 | D:11     | Noticed a troll
  7990 | D:11     | Found Omnuhun's Antique Weapon Boutique.
  7998 | D:11     | Bought a slimy falchion for 256 gold pieces
  7998 | D:11     | Identified the +7 falchion of Internal Strife {vorpal,
                  | *Slow rF+ Int+4 SInv Stlth+} (You bought it in a shop on
                  | level 11 of the Dungeon)
  8007 | D:11     | Found a gate leading to a gauntlet.
  8016 | Gauntlet | Entered a Gauntlet
  8016 | Gauntlet | Noticed a white ugly thing
  8016 | Gauntlet | Noticed a glowing orange brain
  8016 | Gauntlet | Found a transporter.
  8016 | Gauntlet | Found a transporter.
  8016 | Gauntlet | Found a transporter.
  8017 | Gauntlet | Found a transporter.
  8020 | Gauntlet | Found a transporter.
  8023 | Gauntlet | Noticed a glowing orange brain
  8027 | Gauntlet | Noticed a cacodemon
  8031 | Gauntlet | Found a transporter.
  8037 | Gauntlet | Noticed a tengu warrior
  8037 | Gauntlet | Noticed a lindwurm
  8037 | Gauntlet | a dream sheep changed into a lindwurm
  8044 | Gauntlet | a lindwurm changed into a tarantella
  8052 | Gauntlet | Found a transporter.
  8077 | Gauntlet | Found a transporter.
  8086 | Gauntlet | Noticed a tengu conjurer
  8091 | Gauntlet | Found a transporter.
  8099 | Gauntlet | Found a transporter.
  8117 | Gauntlet | Found a transporter.
  8121 | Gauntlet | Noticed a swamp dragon
  8123 | Gauntlet | a swamp dragon changed into a culicivora
  8124 | Gauntlet | Noticed a komodo dragon
  8168 | Gauntlet | Found a transporter.
  8213 | Gauntlet | Noticed a meliai
  8228 | Gauntlet | a meliai changed into an ice beast
  8260 | D:11     | Found Zaoseojoi's Magic Scroll Shop.
  8271 | D:10     | Entered Level 10 of the Dungeon
  8419 | D:10     | Noticed a centaur warrior
  8419 | D:10     | Noticed a centaur warrior
  8453 | D:10     | HP: 3/71 [poisoned by a killer bee]
  8802 | D:8      | Found Dilouta's General Store.
  8810 | D:8      | Bought a scroll of fear for 45 gold pieces
  9123 | D:8      | Noticed a two-headed ogre
  9130 | D:8      | Received a gift from Okawaru
  9141 | D:8      | Slain by a two-headed ogre

Illustrated notes

Levels and vault maps discovered:
D:1:      minmay_arrival_nine_rooms, layout_basic,
          shapermc_ecumenical_altar_rom_forum, kennysheep_another_room,
          serial_bayou_pond_a
D:2:      layout_rooms, st_stairs_1
D:3:      layout_loops_ring, gup_sewer_entry_glass, minmay_quantized,
          uniq_terence
D:4:      layout_basic, kennysheep_windowed_goal
D:5:      layout_basic, minmay_temple_entry_gardened_gates, serial_shops, shop
D:6:      layout_loops_ring, minitemple, makhleb_heckhound_becter
D:7:      layout_loops_ring, kb_rosetta
D:8:      layout_loops_corners, special_room [special_room_orc], serial_shops,
          nicolae_stop_n_shop_1, nicolae_elemental_shop
D:9:      layout_cross, david_orc_4
D:10:     minmay_cut_squares, layout_stronghold,
          mainiacjoe_overflow_catwalk_spiral, erik_lair_orcish_takeover
D:11:     layout_cave_pods, serial_shops, shop_statue, shop, shop, shop,
          special_room [special_room_bee], gauntlet_entry_generic
Temple:   nicolae_temple_x_marks_the_god

Skill      XL: |  1  2  3  4  5  6  7  8  9 |
---------------+----------------------------+-----
Long Blades    | 3 4 5 6 7 8 10 11 | 11.7
Shields        | 4 5 6 7 8 |  8.9
Evocations     | 2 3 4 |  4.6
Throwing       | 2 4 |  4.2
Fighting       | |  3.8
Armour         | |  3.8
Dodging        | |  0.5

Action                   |  1- 3 |  4- 6 |  7- 9 || total
-------------------------+-------+-------+-------++-------
Melee: Long sword        |   105 |   209 |   128 ||   442
       Headbutt          |    12 |    25 |    36 ||    73
       Dagger            |       |       |    79 ||    79
       Falchion          |       |       |     6 ||     6
  Use: Scroll            |       |       |    19 ||    19
       Potion            |       |       |     2 ||     2
Armor: Scale mail        |    45 |    67 |    76 ||   188
Dodge: Dodged            |    59 |    74 |    60 ||   193
Block: Buckler           |     4 |       |       ||     4
       Kite shield       |    47 |   114 |   125 ||   286
